 Seeded DCSS version 0.30.1-4-g462c640d31 (webtiles) character file.

Game seed: 20230804 (custom seed)

13 AccursedSamuel the Ducker (level 2, -2/16 HPs)
             Began as a Tengu Wanderer on Aug 10, 2023.
             Slain by a worm (6 damage)
             ... on level 3 of the Dungeon.
             The game lasted 00:01:58 (387 turns).

AccursedSamuel the Ducker (Tengu Wanderer)           Turns: 387, Time: 00:01:58

Health: -2/16      AC:  3    Str:  9    XL:     2   Next: 37%
Magic:  4/4        EV: 13    Int: 16    God:
Gold:   38         SH:  0    Dex: 12    Spells: 2/3 levels left

rFire   . . .        a - +0 shortbow
rCold   . . .        (shield currently unavailable)
rNeg    . . .        d - +0 robe
rPois   .            (helmet restricted)
rElec   .            (no cloak)
rCorr   .            b - +0 pair of gloves
SInv    .            (boots unavailable)
Will    .....        (no amulet)
Stlth   +            (no ring)
HPRegen 0.22/turn    (no ring)
MPRegen 0.09/turn

%: no passive effects
@: no status effects
A: beak, talons 3
a: no special abilities


You were on level 3 of the Dungeon.
You visited 1 branch of the dungeon, and saw 3 of its levels.

You collected 38 gold pieces.

Inventory:

Hand Weapons
 a - a +0 shortbow (weapon)
Armour
 b - a +0 pair of gloves (worn)
 d - a +0 robe (worn)
Jewellery
 f - a ring of poison resistance
Wands
 i - a wand of flame (11)
Scrolls
 e - a scroll of fog {unknown}
 h - a scroll of blinking {unknown}
 j - a scroll of identify {unknown}
 k - a scroll of immolation {unknown}
Potions
 c - a potion of haste
 g - a potion of curing {unknown}


   Skills:
 + Level 1.3 Fighting
 + Level 2.3 Ranged Weapons
 + Level 4.8 Dodging
 + Level 1.0 Spellcasting
 + Level 2.0 Poison Magic


You had 2 spell levels left.
You knew the following spells:

 Your Spells              Type           Power      Damage    Failure   Level
a - Sting                 Tmut/Pois      16%        1d3       16%         1

Your spell library contained the following spells:

 Spells                   Type           Power      Damage    Failure   Level
 Apportation              Tloc           0%         N/A       22%         1
 Mephitic Cloud           Conj/Pois/Air  2%         N/A       47%         3
 Summon Forest            Summ/Tloc      0%         N/A       99%         5
 Dispersal                Tloc           0%         N/A       100%        6


Dungeon Overview and Level Annotations

Branches:
Dungeon (3/15)

Altars:


Innate Abilities, Weirdness & Mutations

You have a beak for a mouth.
You have claws for feet.


Message History

There is a stone staircase leading up here.
Saving game... please wait.
Welcome back, AccursedSamuel the Tengu Wanderer.
Game seed: 20230804 (custom seed) Press ? for a list of commands and other information.
HP restored.
You pick up the Almanac of Location and begin reading...
You add the spells Apportation, Summon Forest and Dispersal to your library.
j - a scroll labelled IRHEAJ UNTOCWO
Found a leather armour.
You see here a +0 leather armour.
k - a scroll labelled RAIXAGRUJA A worm comes into view.
A worm is nearby!
A worm is nearby!
A worm is nearby!
A worm is nearby!
A worm is nearby!
A worm is nearby!
A worm is nearby!
A worm is nearby!
A worm is nearby!
A giant cockroach comes into view.
You shoot an arrow. The arrow barely misses the worm.
The worm barely misses you.
You shoot an arrow. The arrow hits the worm.
The worm is lightly wounded.
The worm bites you!
Ouch! That really hurt!
You shoot an arrow. The arrow barely misses the worm.
The arrow hits the giant cockroach.
The giant cockroach is heavily wounded.
You shoot an arrow. The arrow completely misses the worm.
The arrow closely misses the giant cockroach.
The worm bites you.
* * * LOW HITPOINT WARNING * * *
You shoot an arrow. The arrow hits the worm.
The worm is moderately wounded.
The worm bites you.
You die...

####### ## #..@wB#
.###
#.###.........
#.#########.######
#.#...............
#.#.#......###.###
#.#<#.####.#
#.###.# #.#
#.#...# #.#
#[#.######.#


You could see a worm and a giant cockroach.

Vanquished Creatures
  A worm (D:2)
  A bat (D:2)
  2 goblins (D:2)
  A hobgoblin (D:2)
  2 quokkas (D:2)
  A frilled lizard (D:2)
  A rat (D:2)
9 creatures vanquished.

Notes
Turn   | Place    | Note
-------+----------+-------------------------------------------
     0 | D:1      | AccursedSamuel the Tengu Wanderer began the quest for the
                  | Orb.
     0 | D:1      | AccursedSamuel set off with the following items: a +0
                  | shortbow, a +0 pair of gloves, a potion of haste, a +0
                  | robe; and the following spell memorised: Sting; and the
                  | following spells available to memorise: Mephitic Cloud.
     0 | D:1      | Reached XP level 1. HP: 12/12 MP: 3/3
   201 | D:2      | Reached XP level 2. HP: 16/16 MP: 4/4
   358 | D:3      | Got the Almanac of Location
   387 | D:3      | Slain by a worm

Illustrated notes

Levels and vault maps discovered:
D:1:      roderic_octagonal_star, layout_basic,
          hellmonk_ecumenical_altar_run_dry, minmay_box_of_dots
D:2:      layout_loops_ring
D:3:      layout_basic, serial_aquarium, aquarium_bridge_long_separate
          [aquarium_subvault_wall, aquarium_subvault_wall,
          aquarium_subvault_bridge, aquarium_subvault_wall,
          aquarium_subvault_bridge, aquarium_subvault_bridge],
          aquarium_window_1, aquarium_window_fake, aquarium_view_2d,
          aquarium_view_4, aquarium_pool_1

Action                     || total
---------------------------++-------
   Fire: Shortbow          ||    42
 Armour: Robe              ||    10
  Dodge: Dodged            ||    28
